TOP OF THE 1ST |
Holy City Herons batting - Pitching for Huntington Hermit Crabs : RHP Freddy Rosas
|
Pitching: RHP Freddy Rosas
|
|
Batting: LHB Wes Smith
|
0-0: Ball 1-0: Called Strike 1-1: Foul Ball, location: 2F 1-2: Foul Ball, location: 2F 1-2: Ground out 6-3 (Groundball, 6, EV 83.1 MPH)
|
Batting: RHB Jesús Soto
|
0-0: Swinging Strike 0-1: Called Strike 0-2: Ball 1-2: Ball 2-2: Strikes out swinging
|
Batting: SHB Luis Flores
|
0-0: Called Strike 0-1: Ball 1-1: Swinging Strike 1-2: Ball 2-2: SINGLE (Groundball, 56D, EV 103.8 MPH)
|
Batting: LHB Ron Sullivan
|
0-0: Called Strike 0-1: Ball 1-1: Ball 2-1: Foul Ball, location: 2F 2-2: Strikes out swinging
|
Top of the 1st over - 0 runs, 1 hit, 0 errors, 1 left on base; Holy City 0 - Huntington 0 |
BOTTOM OF THE 1ST |
Huntington Hermit Crabs batting - Pitching for Holy City Herons : LHP Jon Murphy
|
Pitching: LHP Jon Murphy
|
|
Batting: RHB Robert Lander
|
0-0: Called Strike 0-1: Ground out 3-1 (Groundball, 13, EV 83.1 MPH)
|
Batting: RHB Manuel Gómez
|
0-0: Ball 1-0: Swinging Strike 1-1: Foul Ball, location: 2F 1-2: Foul Ball, location: 2F 1-2: Foul Ball, location: 2F 1-2: Ball 2-2: Strikes out swinging
|
Batting: RHB Edgardo Hernández
|
0-0: Called Strike 0-1: Swinging Strike 0-2: Ball 1-2: SINGLE (Groundball, 4MD, EV 94.4 MPH)
|
Batting: SHB Bill Reid
|
0-0: Called Strike 0-1: Swinging Strike 0-2: Strikes out swinging
|
Bottom of the 1st over - 0 runs, 1 hit, 0 errors, 1 left on base; Holy City 0 - Huntington 0 |
TOP OF THE 2ND |
Holy City Herons batting - Pitching for Huntington Hermit Crabs : RHP Freddy Rosas
|
Batting: SHB Randolph Harper
|
0-0: Called Strike 0-1: Foul Ball, location: 2F 0-2: Foul Ball, location: 2F 0-2: Ball 1-2: Strikes out swinging
|
Batting: LHB Pat Martin
|
0-0: Called Strike 0-1: Swinging Strike 0-2: Foul Ball, location: 2F 0-2: SINGLE (Line Drive, 8RS, EV 101.9 MPH)
|
Batting: SHB José Randín
|
0-0: Swinging Strike 0-1: Ball 1-1: Called Strike 1-2: Ball 2-2: Fly out, F8 (Flyball, 78M, EV 89.4 MPH)
|
Batting: RHB Bill Benson
|
0-0: Fielders Choice at 2nd, U6 (Groundball, 6M, EV 90.0 MPH)
|
Top of the 2nd over - 0 runs, 1 hit, 0 errors, 1 left on base; Holy City 0 - Huntington 0 |
BOTTOM OF THE 2ND |
Huntington Hermit Crabs batting - Pitching for Holy City Herons : LHP Jon Murphy
|
Batting: RHB Derek Smith
|
0-0: Ball 1-0: Ball 2-0: Called Strike 2-1: Swinging Strike 2-2: Foul Ball, location: 2F 2-2: Foul Ball, location: 2F 2-2: SINGLE (Line Drive, 4M, EV 109.4 MPH)
|
Batting: RHB Yll Januzaj
|
0-0: Foul Ball, location: 2F 0-1: Fielders Choice at 2nd, 4-6 (Groundball, 34S, EV 78.8 MPH)
|
Batting: RHB Mart Vroom
|
0-0: Foul Ball, location: 2F 0-1: DOUBLE (Line Drive, 7LM, EV 99.4 MPH) Yll Januzaj to third Runner from 3rd tries for Home, SAFE, throw by LF to home
|
Batting: RHB Joel Hinton
|
0-0: Foul Ball, location: 2F 0-1: Called Strike 0-2: Ball 1-2: Ball 2-2: Ball 3-2: Base on Balls
|
Batting: RHB Chris Tucker
|
0-0: Fly out, F9 (Line Drive, 9D, EV 90.6 MPH)
|
Batting: RHB Robert Lander
|
0-0: Ball 1-0: Ball Wild Pitch! Mart Vroom to third Joel Hinton to second 2-0: Foul Ball, location: 2F 2-1: Called Strike 2-2: SINGLE (Groundball, 5S, EV 65.0 MPH) (infield hit) Mart Vroom scores Joel Hinton to third
|
Batting: RHB Manuel Gómez
|
0-0: Ball 1-0: Foul Ball, location: 2F 1-1: Fly out, F4 (Popup, 4, EV 79.4 MPH)
|
Bottom of the 2nd over - 2 runs, 3 hits, 0 errors, 2 left on base; Holy City 0 - Huntington 2 |
TOP OF THE 3RD |
Holy City Herons batting - Pitching for Huntington Hermit Crabs : RHP Freddy Rosas
|
Batting: RHB Pedro Mejía
|
0-0: Called Strike 0-1: Fly out, F7 (Flyball, 78D, EV 83.8 MPH)
|
Batting: LHB Wes Smith
|
0-0: Ball 1-0: Ground out 6-3 (Groundball, 6M, EV 107.5 MPH)
|
Batting: RHB Jesús Soto
|
0-0: Ball 1-0: Swinging Strike 1-1: Ball 2-1: Called Strike 2-2: Foul Ball, location: 2F 2-2: Ball 3-2: Ground out 3-1 (Groundball, 34, EV 86.2 MPH)
|
Top of the 3rd over - 0 runs, 0 hits, 0 errors, 0 left on base; Holy City 0 - Huntington 2 |
BOTTOM OF THE 3RD |
Huntington Hermit Crabs batting - Pitching for Holy City Herons : LHP Jon Murphy
|
Batting: RHB Edgardo Hernández
|
0-0: Fly out, F2 (Popup, 3SF, EV 65.0 MPH)
|
Batting: SHB Bill Reid
|
0-0: Ground out 6-3 (Groundball, 6, EV 76.2 MPH)
|
Batting: RHB Derek Smith
|
0-0: Ball 1-0: Ball 2-0: Fly out, F7 (Flyball, 7, EV 86.2 MPH)
|
Bottom of the 3rd over - 0 runs, 0 hits, 0 errors, 0 left on base; Holy City 0 - Huntington 2 |
TOP OF THE 4TH |
Holy City Herons batting - Pitching for Huntington Hermit Crabs : RHP Freddy Rosas
|
Batting: SHB Luis Flores
|
0-0: Ball 1-0: Called Strike 1-1: Ball 2-1: Called Strike 2-2: Ball 3-2: Foul Ball, location: 2F 3-2: Fly out, F8 (Flyball, 89S, EV 85.0 MPH)
|
Batting: LHB Ron Sullivan
|
0-0: Foul Ball, location: 2F 0-1: Foul Ball, location: 2F 0-2: Foul Ball, location: 2F 0-2: Strikes out looking
|
Batting: SHB Randolph Harper
|
0-0: Foul Ball, location: 2F 0-1: Ball 1-1: Fly out, F8 (Line Drive, 8RD, EV 103.1 MPH)
|
Top of the 4th over - 0 runs, 0 hits, 0 errors, 0 left on base; Holy City 0 - Huntington 2 |
BOTTOM OF THE 4TH |
Huntington Hermit Crabs batting - Pitching for Holy City Herons : LHP Jon Murphy
|
Batting: RHB Yll Januzaj
|
0-0: Foul Ball, location: 2F 0-1: Foul Ball, location: 2F 0-2: Ball 1-2: Strikes out swinging, 2-3 out at first.
|
Batting: RHB Mart Vroom
|
0-0: Ball 1-0: Called Strike 1-1: Ball 2-1: Ball 3-1: Foul Ball, location: 2F 3-2: Base on Balls
|
Batting: RHB Joel Hinton
|
0-0: Swinging Strike 0-1: SINGLE (Line Drive, 7S, EV 108.1 MPH) Mart Vroom to second
|
Batting: RHB Chris Tucker
|
0-0: Foul Ball, location: 2F 0-1: Ball 1-1: Swinging Strike 1-2: Strikes out swinging
|
Batting: RHB Robert Lander
|
0-0: Ball 1-0: Foul Ball, location: 2F 1-1: Ball 2-1: Swinging Strike 2-2: Ball 3-2: Base on Balls Mart Vroom to third Joel Hinton to second
|
Batting: RHB Manuel Gómez
|
0-0: Called Strike 0-1: Called Strike 0-2: Ball 1-2: Ball 2-2: Fly out, F8 (Flyball, 8LD, EV 100.6 MPH)
|
Bottom of the 4th over - 0 runs, 1 hit, 0 errors, 3 left on base; Holy City 0 - Huntington 2 |
TOP OF THE 5TH |
Holy City Herons batting - Pitching for Huntington Hermit Crabs : RHP Freddy Rosas
|
Batting: LHB Pat Martin
|
0-0: Ground out U3 (Groundball, 3, EV 83.8 MPH)
|
Batting: SHB José Randín
|
0-0: Ball 1-0: Ball 2-0: Ball 3-0: Called Strike 3-1: Base on Balls
|
Batting: RHB Bill Benson
|
0-0: Called Strike José Randín is caught stealing 2nd base 2-4 0-1: Swinging Strike 0-2: Ball 1-2: Strikes out swinging
|
Top of the 5th over - 0 runs, 0 hits, 0 errors, 0 left on base; Holy City 0 - Huntington 2 |
BOTTOM OF THE 5TH |
Huntington Hermit Crabs batting - Pitching for Holy City Herons : LHP Jon Murphy
|
Batting: RHB Edgardo Hernández
|
0-0: Ball 1-0: Ball 2-0: Foul Ball, location: 2F 2-1: Called Strike 2-2: Strikes out swinging
|
Batting: SHB Bill Reid
|
0-0: Foul Ball, location: 2F 0-1: Ball 1-1: Foul Ball, location: 2F 1-2: Ball 2-2: Ball 3-2: Foul Ball, location: 2F 3-2: Base on Balls
|
Batting: RHB Derek Smith
|
0-0: Foul Ball, location: 2F 0-1: Called Strike 0-2: Foul Ball, location: 2F 0-2: Strikes out swinging
|
Batting: RHB Yll Januzaj
|
0-0: SINGLE (Groundball, 4MD, EV 94.4 MPH) Bill Reid to second Runner from 2nd tries for 3rd, SAFE, throw by CF made to third
|
Batting: RHB Mart Vroom
|
0-0: Ball 1-0: Fielders Choice at 2nd, 6-4 (Groundball, 4M, EV 78.8 MPH)
|
Bottom of the 5th over - 0 runs, 1 hit, 0 errors, 2 left on base; Holy City 0 - Huntington 2 |
TOP OF THE 6TH |
Holy City Herons batting - Pitching for Huntington Hermit Crabs : RHP Freddy Rosas
|
Batting: RHB Pedro Mejía
|
0-0: Called Strike 0-1: Called Strike 0-2: Ball 1-2: Foul Ball, location: 2F 1-2: SINGLE (Line Drive, 7S, EV 110.0 MPH)
|
Batting: LHB Wes Smith
|
0-0: Ball 1-0: Bunted foul 1-1: Bunted foul 1-2: Foul Ball, location: 2F 1-2: TRIPLE (Flyball, 7LD, EV 92.5 MPH) Pedro Mejía scores
|
Batting: RHB Jesús Soto
|
0-0: Ball 1-0: Called Strike 1-1: Ball 2-1: Ground out 6-3 (Groundball, 6, EV 103.1 MPH)
|
Batting: SHB Luis Flores
|
0-0: Called Strike 0-1: Foul Ball, location: 2F 0-2: Strikes out swinging, 2-3 out at first.
|
Batting: LHB Ron Sullivan
|
0-0: Foul Ball, location: 2F 0-1: Ball 1-1: Foul Ball, location: 2F 1-2: Ball 2-2: 2-RUN HOME RUN (Flyball, 9D, EV 96.9 MPH), Distance : 350 ft
|
Batting: SHB Randolph Harper
|
0-0: Ball 1-0: Ball 2-0: Foul Ball, location: 2F 2-1: Foul Ball, location: 2F 2-2: Strikes out swinging
|
Top of the 6th over - 3 runs, 3 hits, 0 errors, 0 left on base; Holy City 3 - Huntington 2 |
BOTTOM OF THE 6TH |
Huntington Hermit Crabs batting - Pitching for Holy City Herons : LHP Jon Murphy
|
Batting: RHB Joel Hinton
|
0-0: Ball 1-0: Swinging Strike 1-1: Ball 2-1: Swinging Strike 2-2: Strikes out looking
|
Pitching: RHP Luis Pizarro
|
|
Pinch Hitting: LHB Clark Martin
|
0-0: Ball 1-0: Foul Ball, location: 2F 1-1: SINGLE (Groundball, 4MD, EV 109.4 MPH)
|
Batting: RHB Robert Lander
|
0-0: Called Strike 0-1: Ball 1-1: Ball 2-1: Ball 3-1: Foul Ball, location: 2F 3-2: Base on Balls Clark Martin to second
|
Batting: LHB Reese Anderson
|
0-0: Foul Ball, location: 2F 0-1: SINGLE (Flyball, 8RS, EV 90.0 MPH) Clark Martin to third Robert Lander to second
|
Batting: RHB Edgardo Hernández
|
0-0: Called Strike 0-1: SINGLE (Line Drive, 7S, EV 105.0 MPH) Clark Martin scores Robert Lander to third Reese Anderson to second Runner from 3rd tries for Home, SAFE, throw by LF to home
|
Batting: SHB Bill Reid
|
0-0: Called Strike 0-1: Swinging Strike 0-2: Strikes out looking
|
Batting: RHB Derek Smith
|
0-0: Called Strike 0-1: Called Strike 0-2: Ball 1-2: Strikes out swinging
|
Bottom of the 6th over - 2 runs, 3 hits, 0 errors, 2 left on base; Holy City 3 - Huntington 4 |
TOP OF THE 7TH |
Holy City Herons batting - Pitching for Huntington Hermit Crabs : RHP Freddy Rosas
|
Now in CF: John Porter
|
|
Batting: LHB Pat Martin
|
0-0: Fly out, F4 (Popup, 34S, EV 80.0 MPH)
|
Batting: SHB José Randín
|
0-0: Foul Ball, location: 2F 0-1: SINGLE (Line Drive, 78S, EV 104.4 MPH)
|
Batting: RHB Bill Benson
|
0-0: Called Strike 0-1: Ball 1-1: Foul Ball, location: 2F 1-2: Grounds into double play, 6-4-3 (Groundball, 6D, EV 98.8 MPH)
|
Top of the 7th over - 0 runs, 1 hit, 0 errors, 0 left on base; Holy City 3 - Huntington 4 |
BOTTOM OF THE 7TH |
Huntington Hermit Crabs batting - Pitching for Holy City Herons : RHP Luis Pizarro
|
Batting: RHB Yll Januzaj
|
0-0: Ball 1-0: Ball 2-0: Called Strike 2-1: Foul Ball, location: 2F 2-2: Strikes out looking
|
Batting: RHB Mart Vroom
|
0-0: Foul Ball, location: 2F 0-1: Swinging Strike 0-2: Ball 1-2: Ball 2-2: Ball 3-2: Strikes out swinging
|
Batting: RHB Joel Hinton
|
0-0: Ball 1-0: Called Strike 1-1: DOUBLE (Flyball, 78D, EV 108.1 MPH)
|
Batting: RHB John Porter
|
0-0: SINGLE (Groundball, 56D, EV 103.1 MPH) Joel Hinton to third Runner from 3rd tries for Home, throw by LF and OUT! 7-2
|
Bottom of the 7th over - 0 runs, 2 hits, 0 errors, 1 left on base; Holy City 3 - Huntington 4 |
TOP OF THE 8TH |
Holy City Herons batting - Pitching for Huntington Hermit Crabs : RHP Freddy Rosas
|
Pitching: RHP Roger Cain
|
|
Now at 1B: Jared Allen
|
|
Now at 2B: Joel Hinton
|
|
Batting: RHB Pedro Mejía
|
0-0: Ball 1-0: Called Strike 1-1: Foul Ball, location: 2F 1-2: Strikes out swinging
|
Batting: LHB Wes Smith
|
0-0: Ball 1-0: Foul Ball, location: 2F 1-1: Ground out 6-3 (Groundball, 56, EV 85.6 MPH)
|
Batting: RHB Jesús Soto
|
0-0: Ground out 6-3 (Groundball, 6, EV 102.5 MPH)
|
Top of the 8th over - 0 runs, 0 hits, 0 errors, 0 left on base; Holy City 3 - Huntington 4 |
BOTTOM OF THE 8TH |
Huntington Hermit Crabs batting - Pitching for Holy City Herons : RHP Luis Pizarro
|
Batting: RHB Robert Lander
|
0-0: Ball 1-0: Called Strike 1-1: Foul Ball, location: 2F 1-2: SINGLE (Flyball, 34D, EV 92.5 MPH)
|
Batting: LHB Reese Anderson
|
0-0: DOUBLE (Flyball, 78D, EV 105.6 MPH) Robert Lander to third
|
Batting: RHB Edgardo Hernández
|
0-0: Fly out, F8 (Line Drive, 8RD, EV 98.8 MPH) Runner from 3rd tags up, SCORES, no throw by CF
|
Batting: SHB Bill Reid
|
0-0: Intentional Walk
|
Batting: RHB Derek Smith
|
0-0: Fielders Choice at 2nd, 5-4 (Groundball, 5, EV 83.8 MPH) Reese Anderson to third
|
Batting: RHB Jared Allen
|
0-0: Foul Ball, location: 2F 0-1: Hit by Pitch Derek Smith to second
|
Batting: RHB Mart Vroom
|
0-0: Foul Ball, location: 2F 0-1: Fly out, F6 (Popup, 6D, EV 53.1 MPH)
|
Bottom of the 8th over - 1 run, 2 hits, 0 errors, 3 left on base; Holy City 3 - Huntington 5 |
TOP OF THE 9TH |
Holy City Herons batting - Pitching for Huntington Hermit Crabs : RHP Roger Cain
|
Pitching: LHP Logan Wrighton
|
|
Now at 3B: Tom Rice
|
|
Batting: SHB Luis Flores
|
0-0: Foul Ball, location: 2F 0-1: Ball 1-1: Swinging Strike 1-2: Strikes out swinging
|
Batting: LHB Ron Sullivan
|
0-0: Called Strike 0-1: Foul Ball, location: 2F 0-2: Strikes out swinging
|
Batting: SHB Randolph Harper
|
0-0: Ball 1-0: Foul Ball, location: 2F 1-1: Ball 2-1: Foul Ball, location: 2F 2-2: Foul Ball, location: 2F 2-2: Strikes out swinging
|
Top of the 9th over - 0 runs, 0 hits, 0 errors, 0 left on base; Holy City 3 - Huntington 5 |
|